cohdb
Replays
Latest Replays
All Replays
Popular Replays
Top Player Replays
Match Explorer
How It Works
Community
CoH3 Stats
Reddit
Sign in to upload your games and track your stats! →
Sign in with Steam
Match 45980379
Unlisted
Match 45980379
Overview
Messages
Build Orders
End
Panzergrenadier Squad
Selects Panzerjäger Kommand Battlegroup
Selects Mine Fields
Panzergrenadier Squad
Panzergrenadier Squad
Construct Light Support Kompanie
2.5-tonne Medical Truck
Fire Support Elements
Panzerjäger Squad
Selects Tank Busters
Veteran Squad Leaders
Panzerjäger Squad
Pak 38 Anti-tank Gun Team
Selects Crew Shock Tactics
MG34 Team
Pak 38 Anti-tank Gun Team
Construct Panzerarmee Kommand
Walking Stuka Rocket Launcher
Selects Elefant Tank Destroyer
Elefant Tank Destroyer
wille526
Jaajo
Jarkke
Rummel
Elfangor567
PattonsFinest
0
0
Comments
sign in to comment!
No comments posted yet!